 Dungeon Crawl Stone Soup version 0.28-a0-1594-ga885d4b3d6 (webtiles) character file.

Game seed: 16811067645029127464

452 HallandMoats the Skirmisher (level 7, -4/44 HPs)
             Began as a Gargoyle Fighter on Jan 21, 2022.
             Was a Priest of Cheibriados.
             Slain by an ogre (28 damage)
             ... on level 5 of the Dungeon.
             The game lasted 00:05:23 (4683 turns).

HallandMoats the Skirmisher (Gargoyle Fighter)      Turns: 4683, Time: 00:05:24

Health: -4/44      AC: 15    Str: 27    XL:     7   Next: 5%
Magic:  8/17       EV:  9    Int: 15    God:    Cheibriados [***...]
Gold:   143        SH:  5    Dex: 18    Spells: 6/6 levels left

rFire   . . .      SeeInvis .   a - +2 trident "Guargh" {venom, rPois MP+9}
rCold   . . .      Faith    .   c - +0 buckler
rNeg    + . .      Spirit   .   v - +0 chain mail
rPois   ∞          Reflect  .   s - +0 helmet
rElec   +          Harm     .   (no cloak)
rCorr   .          Rampage  .   (no gloves)
Will    .....                   (no boots)
Stlth   ..........              (no amulet)
HPRegen 0.14/turn               (no ring)
MPRegen 0.15/turn               (no ring)

@: very slow
A: sickness immunity, AC +4, negative energy resistance 1, electricity
resistance, torment resistance 1, petrification resistance
a: Renounce Religion, Bend Time, Temporal Distortion


You were on level 5 of the Dungeon.
You worshipped Cheibriados.
Cheibriados was most pleased with you.
You visited 1 branch of the dungeon, and saw 5 of its levels.

You collected 143 gold pieces.

Inventory:

Hand Weapons
 a - the +2 trident "Guargh" (weapon) {venom, rPois MP+9}
   (You found it on level 4 of the Dungeon)

   It poisons the flesh of those it strikes.
   rPois:     It protects you from poison.
   MP:        It affects your magic capacity (+9).
 b - a +0 hunting sling
 t - a +0 hand axe
Missiles
 m - 45 stones (quivered)
Armour
 c - a +0 buckler (worn)
 s - a +0 helmet (worn)
 v - a +0 chain mail (worn)
Jewellery
 n - a ring of wizardry
 q - a ring of fire
Scrolls
 e - 3 scrolls of teleportation {unknown}
 f - 2 scrolls of identify {unknown}
 g - 2 scrolls of noise {unknown}
 i - a scroll of enchant armour {unknown}
 j - a scroll of enchant weapon {unknown}
 k - a scroll of summoning {unknown}
 p - a scroll of fog {unknown}
Potions
 d - 2 potions of might
 h - a potion of heal wounds {unknown}
 o - a potion of mutation {unknown}
 r - 3 potions of degeneration {unknown}
 u - a potion of magic {unknown}


   Skills:
 + Level 4.4 Fighting
 + Level 3.3 Axes
 * Level 2.3 Slings
 + Level 4.3 Armour
 + Level 1.9 Dodging
 - Level 4.0 Shields
 * Level 1.9 Invocations


You had 6 spell levels left.
You didn't know any spells.
Your spell library contained the following spells:

 Spells                   Type           Power      Damage    Failure   Level
 Freeze                   Ice            0%         1d3       90%         1
 Corpse Rot               Necr/Air       0%         N/A       97%         2
 Poisonous Vapours        Pois/Air       0%         N/A       97%         2
 Frozen Ramparts          Ice            0%         1d2       99%         3
 Hailstorm                Conj/Ice       0%         3d3       100%        4


Dungeon Overview and Level Annotations

Branches:
Dungeon (5/15)
 Temple: D:4-7

Altars:
Ashenzari
Cheibriados
Dithmenos
Gozag

Shops:
D:2 [


Innate Abilities, Weirdness & Mutations

You are immune to sickness and miasma.
Your stone body is resilient. (AC +4)
You are immune to poison.
You resist negative energy. (rN+)
You are resistant to electric shocks. (rElec)
You are resistant to unholy torment.
You are immune to petrification.


Message History

The orc shouts!
The stone hits the orc priest.
The orc priest is heavily wounded.
You hear a shout!
The orc priest hits you with a +0 war axe!
An orc comes into view. It is wielding a +0 dagger.
The +2 trident "Guargh" {venom, rPois MP+9} begins to drip with poison!
a - the +2 trident "Guargh" (weapon)
{venom, rPois MP+9} The orc shouts!
The orc priest hits you but does no damage.
You puncture the orc priest!
You kill the orc priest!
Cheibriados appreciates the change of pace.
An ogre comes into view. It is wielding a +0 giant club.
Items here: $ ( ) †.
You puncture the orc priest!
The orc priest looks as sick as possible!
The orc priest is heavily wounded.
You block the orc priest's attack. You block the orc's attack.
You puncture the orc priest!
You kill the orc priest!
Cheibriados thoroughly appreciates the change of pace.
The orc hits you but does no damage. x2
You have reached level 7!
You barely miss the orc. You block the orc's attack.
The orc hits you with a +0 dagger.
Unknown command.
You completely miss the orc. The orc hits you but does no damage. x2
The orc barely misses you.
Unknown command.
You hit the orc.
The orc is poisoned.
The orc is almost dead.
You kill the orc!
Cheibriados thoroughly appreciates the change of pace.
The orc hits you but does no damage.
Unknown command.
You barely miss the ogre. The orc closely misses you.
The ogre hits you with a +0 giant club!!
Ouch! That really hurt!
You die...

#................................
#................................
.................................
........................######...
<.......................#....#...
.......###'#######.....#....#...
.........#.....'....#...
.........#..(..######...
.((..(O@.'.....#....###'
...##.o###.....#....#...
####.......#....#...
#.......'....#...
#.......#....####
#.......#....##..
#.......#.....'..
#.......#.....#..
#.......#.....#..


You could see an ogre and an orc.

Vanquished Creatures
  A scorpion (D:5)
  2 hounds
  2 orc priests (D:5)
  An iguana (D:4)
  An orc wizard (D:4)
  8 adders
  6 gnolls
  An ufetubus (D:5)
  An adder skeleton (D:4)
  A worm (D:3)
  2 dart slugs
  13 orcs
  6 endoplasms
  2 giant cockroaches (D:4)
  7 goblins
  4 hobgoblins
  6 kobolds
  4 quokkas
  6 ball pythons
  2 bats (D:2)
  2 frilled lizards (D:2)
  4 rats
82 creatures vanquished.

Notes
Turn   | Place    | Note
-------+----------+-------------------------------------------
     0 | D:1      | HallandMoats the Gargoyle Fighter began the quest for the
                  | Orb.
     0 | D:1      | Reached XP level 1. HP: 14/14 MP: 1/1
    44 | D:1      | Reached XP level 2. HP: 19/19 MP: 2/2
    95 | D:1      | Found a faded altar of an unknown god.
   280 | D:1      | Reached XP level 3. HP: 13/23 MP: 3/3
   605 | D:1      | Prayed at the altar of an unknown god.
   605 | D:1      | Became a worshipper of Cheibriados the Contemplative
   605 | D:1      | Reached * piety under Cheibriados
   967 | D:2      | Reached XP level 4. HP: 29/29 MP: 4/4
   983 | D:2      | Found Liolufie's Armour Boutique.
  1533 | D:2      | Reached skill level 1 in Dodging
  1614 | D:2      | Reached ** piety under Cheibriados
  2675 | D:3      | Found a shadowy altar of Dithmenos.
  2879 | D:4      | Found an opulent altar of Gozag.
  2892 | D:4      | Reached XP level 5. HP: 30/33 MP: 5/5
  3117 | D:4      | Reached skill level 1 in Slings
  3252 | D:4      | Identified the +2 trident "Guargh" {venom, rPois MP+9}
  3434 | D:4      | Found a broken altar of Ashenzari.
  3601 | D:4      | Reached XP level 6. HP: 38/38 MP: 6/6
  3610 | D:4      | Reached *** piety under Cheibriados
  4490 | D:5      | Entered Level 5 of the Dungeon
  4505 | D:5      | Reached skill level 1 in Invocations
  4680 | D:5      | Reached XP level 7. HP: 24/44 MP: 7/8
  4683 | D:5      | Slain by an ogre

Illustrated notes

Levels and vault maps discovered:
D:1:      erik_arrival_blinker_ship, layout_rooms, shapermc_ecumenical_altar_gd
D:2:      layout_loops_ring, serial_shops, nicolae_shop_advertising_works
          [nicolae_subvault_shop_adworks]
D:3:      layout_basic, marbit_many_paths
D:4:      minmay_spotlight, layout_basic, nicolae_gozag_seed_capital,
          mainiacjoe_overflow_surrounded_room, glass_columns_a,
          bh_walls_and_bars
D:5:      layout_gridville, gammafunk_temple_overflow_claw,
          ebering_ghost_inner_flame, minmay_manual_mail

Skill      XL: |  1  2  3  4  5  6 |
---------------+-------------------+-----
Axes           | 2 3 |  3.3
Dodging        | 1 |  1.9
Fighting       | 4 |  4.4
Slings         | 1 2 |  2.3
Shields        | 4 |  4.0
Armour         | 4 |  4.3
Invocations    | 1 |  1.9

Action                   |  1- 3 |  4- 6 |  7- 9 || total
-------------------------+-------+-------+-------++-------
Melee: War axe           |    80 |       |       ||    80
       Hand axe          |       |    34 |       ||    34
       Trident           |       |    12 |     4 ||    16
 Fire: Hunting sling     |       |   189 |       ||   189
Armor: Scale mail        |    47 |    60 |       ||   107
       Chain mail        |       |     8 |     3 ||    11
Dodge: Dodged            |    33 |    74 |     2 ||   109
Block: Buckler           |    21 |    38 |     1 ||    60

Table legend: (Time is in decaauts)
 A = Elapsed time spent in this place.
 B = Non-inter-level travel time spent in this place.
 C = Inter-level travel time spent in this place.
 D = Time resting spent in this place.
 E = Time spent auto-exploring this place.
 F = Levels seen in this place.
 G = Mean time per level.
                   A        B        C        D        E       F      G
               +--------+--------+--------+--------+--------+-----+--------+
         Total |   6145 |   5764 |    381 |      0 |   4968 |   5 | 1229.0 |
       Dungeon |   6145 |   5764 |    381 |      0 |   4968 |   5 | 1229.0 |
               +--------+--------+--------+--------+--------+-----+--------+

Top non-repeatable levels by time:
     D:4: 2201 daAuts
     D:3: 1506 daAuts
     D:2: 1345 daAuts
     D:1: 836 daAuts
     D:5: 255 daAuts
